 Dungeon Crawl Stone Soup version 0.29-a0-344-ge2f44be95a (webtiles) character file.

Game seed: 17455299809850950121

72 spaghetti the Caller (level 4, 0/51 HPs)
             Began as a Gnoll Wanderer on Apr 22, 2022.
             Killed by nerve-wracking pain
             ... invoked by an orc priest
              (4 damage)
             ... on level 3 of the Dungeon.
             The game lasted 00:03:36 (1814 turns).

spaghetti the Caller (Gnoll Wanderer)               Turns: 1814, Time: 00:03:37

Health: 0/51       AC:  7    Str:  9    XL:     4   Next: 26%
Magic:  11/11      EV:  8    Int: 18    God:
Gold:   75         SH:  0    Dex:  9    Spells: 12/13 levels left

rFire   + + .      SeeInvis .   a - +0 club {mace}
rCold   + + .      Faith    +   (no shield)
rNeg    . . .      Spirit   .   c - +0 scale mail
rPois   +          Reflect  .   (no helmet)
rElec   +          Harm     .   e - scarf {rC+ rF+}
rCorr   +          Rampage  .   (no gloves)
Will    .....                   (no boots)
Stlth   ..........              m - amulet of faith {!P}
HPRegen 0.17/turn               (no ring)
MPRegen 0.12/turn               (no ring)

@: brilliant, berserking, resistant, attractive, hasted, very quick
A: fangs 1, strong nose, distributed training
a: no special abilities


You were on level 3 of the Dungeon.
You visited 1 branch of the dungeon, and saw 3 of its levels.

You collected 75 gold pieces.


Innate Abilities, Weirdness & Mutations

You have very sharp teeth.
Your uncanny sense of smell can sniff out nearby items.
Your experience applies equally to all skills.


   Skills:
 + Level 2.7 Fighting
 + Level 1.1 Short Blades
 + Level 1.1 Long Blades
 + Level 1.1 Axes
 + Level 1.1 Maces & Flails
 + Level 1.1 Polearms
 + Level 1.1 Staves
 + Level 1.1 Slings
 + Level 1.1 Bows
 + Level 1.1 Crossbows
 + Level 1.1 Throwing
 + Level 4.6 Armour
 + Level 1.1 Dodging
 + Level 1.1 Stealth
 + Level 1.1 Shields
 + Level 1.1 Unarmed Combat
 + Level 5.0 Spellcasting
 + Level 0.8 Conjurations
 + Level 0.8 Hexes
 + Level 7.1 Summonings
 + Level 0.8 Necromancy
 + Level 0.8 Translocations
 + Level 0.8 Transmutations
 + Level 2.2 Fire Magic
 + Level 0.8 Ice Magic
 + Level 0.8 Air Magic
 + Level 0.8 Earth Magic
 + Level 0.8 Poison Magic
 + Level 1.2 Invocations
 + Level 1.1 Evocations


You had 12 spell levels left.
You knew the following spells:

 Your Spells              Type           Power      Damage    Failure   Level
a - Summon Small Mammal   Summ           100%       N/A       4%          1

Your spell library contained the following spells:

 Spells                   Type           Power      Damage    Failure   Level
 Foxfire                  Conj/Fire      60%        2x1d7     43%         1
 Conjure Flame            Conj/Fire      15%        6-21      82%         3
 Animate Armour           Summ/Erth      56%        N/A       86%         4
 Summon Lightning Spire   Summ/Air       28%        N/A       86%         4
 Ozocubu's Armour         Ice            11%        N/A       88%         3
 Ozocubu's Refrigeration  Ice            5%         4d6       100%        7

Inventory:

Hand Weapons
 a - a +0 club (weapon) {mace}
 f - a +1 short sword of draining {short}
   (You took it off a kobold on level 1 of the Dungeon)
Missiles
 d - 5 poisoned darts (quivered) {throwing}
 j - 63 stones {throwing}
Armour
 c - a +0 scale mail (worn)
 e - a scarf of resistance (worn)
   (You found it on level 1 of the Dungeon)
Magical Staves
 i - a staff of poison {!astaff}
   (You found it on level 1 of the Dungeon)
Jewellery
 m - an amulet of faith (around neck) {!P}
   (You found it on level 2 of the Dungeon)
Scrolls
 g - 4 scrolls of identify {unknown}
 h - a scroll of summoning {unknown}
 k - a scroll of teleportation {unknown}
 q - 3 scrolls of immolation {unknown}
 s - a scroll of enchant armour {unknown}
Potions
 b - 2 potions of curing {@q1}
 n - a potion of brilliance

Dungeon Overview and Level Annotations

Branches:
Dungeon (3/15)

Altars:

#.# #.### #.#..
#.#.# #o#.#
#$####.#.#
#..hho.h.#
########o##
.....rr@o#
.#######.# #.#
#.# #.######
#......##
#..[.......
#.####.#...
########.####.#.#


You could see an orc priest, an orc (ally target), a jackal and 2 friendly
quokkas.


Message History

😕 MP[-1]
You lost 1 mp, and now have 10/11 mp.
You closely miss the jackal. The jackal barely misses you.
The jackal bites you but does no damage.
Casting: Summon Small Mammal (safe; 4% risk of failure)
Confirm with . or Enter, or press ? or * to list all spells.
The jackal bites you but does no damage. 😕 MP[-1]
You lost 1 mp, and now have 9/11 mp.
You closely miss the jackal. The jackal bites you. x2 😮 HP[-3]
You take 3 damage, and now have 25/34 hp.
You barely miss the jackal.
The jackal bites you but does no damage.
The jackal closely misses you.
You hit the jackal but do no damage. The jackal barely misses you.
The jackal bites you. 😮 HP[-2]
You take 2 damage, and now have 23/34 hp.
You hit the jackal but do no damage.
The jackal completely misses you. 😮 MP[+1]
You hit the jackal. The jackal barely misses you.
The jackal bites you but does no damage.
You hit the jackal. The jackal bites you.
The jackal bites you but does no damage. 😮 HP[-2]
You take 2 damage, and now have 21/34 hp.
You barely miss the jackal.
The jackal bites you but does no damage.
The jackal bites you. 😮 HP[-1]
You take 1 damage, and now have 20/34 hp.
You barely miss the jackal. Your bite misses the jackal.
The jackal bites you but does no damage.
You hit the jackal.
You kill the jackal!
You barely miss the orc.
Your bite misses the orc. 😮 HP[+1] MP[+1]
Your mp is fully restored (11).
You hit the orc. The orc hits you with a +0 hand axe.
* * * LOW HITPOINT WARNING * * *
The orc hits you with a +0 club.
* * * LOW HITPOINT WARNING * * *
The orc closely misses you.
The orc hits you but does no damage. 😨 HP[-8]
You take 8 damage, and now have 13/34 hp.
MASSIVE DAMAGE!! (PAUSE) Unknown command.
You aren't carrying any items that you can evoke.
You feel yourself speed up. The orc hits you but does no damage.
The orc hits you with a +0 club.
* * * LOW HITPOINT WARNING * * *
😨 HP[-3]
You take 3 damage, and now have 10/34 hp.
You aren't carrying any items that you can evoke.
It was a potion of brilliance.
You feel clever all of a sudden.
Okay, then.
It was a potion of resistance.
You feel protected. The orc hits you with a +0 hand axe.
* * * LOW HITPOINT WARNING * * *
The orc hits you with a +0 club.
* * * LOW HITPOINT WARNING * * *
😱 HP[-3]
You take 3 damage, and now have 7/34 hp.
It was a potion of attraction.
You feel attractive to monsters. The orc hits you but does no damage.
The orc hits you with a +0 club.
* * * LOW HITPOINT WARNING * * *
😱 HP[-3]
You take 3 damage, and now have 4/34 hp.
It was a potion of berserk rage.
A red film seems to cover your vision as you go berserk!
You feel yourself moving faster!
You feel mighty! 😱 HP[+2]
You now have 51 max hp (+17).
You regained 2 hp, and now have 6/51 hp.
You closely miss the orc. Your bite misses the orc.
The orc hits you but does no damage. x2 😱 HP[+1]
You hit the orc.
You kill the orc!
The orc hits you with a +0 hand axe.
* * * LOW HITPOINT WARNING * * *
😱 HP[-1]
You take 1 damage, and now have 6/51 hp.
You hit the orc priest.
The orc priest hits you but does no damage.
The orc hits you but does no damage.
You barely miss the orc priest. You bite the orc priest!
The orc priest hits you but does no damage.
The orc hits you with a +0 hand axe.
* * * LOW HITPOINT WARNING * * *
😱 HP[-2]
You take 2 damage, and now have 4/51 hp.
You closely miss the orc priest.
The orc priest mumbles some strange prayers to Beogh against you.
Pain shoots through your body!
You die...

Skill      XL: |  1  2  3 |
---------------+----------+-----
Fire Magic     | 2 |  2.2
Spellcasting   | 5 |  5.0
Invocations    | 1 |  1.2
Short Blades   | 1 |  1.1
Long Blades    | 1 |  1.1
Axes           | 1 |  1.1
Maces & Flails | 1 |  1.1
Polearms       | 1 |  1.1
Staves         | 1 |  1.1
Slings         | 1 |  1.1
Bows           | 1 |  1.1
Crossbows      | 1 |  1.1
Throwing       | 1 |  1.1
Dodging        | 1 |  1.1
Stealth        | 1 |  1.1
Shields        | 1 |  1.1
Unarmed Combat | 1 |  1.1
Evocations     | 1 |  1.1
Fighting       | |  2.7
Armour         | |  4.6
Conjurations   | |  0.8
Hexes          | |  0.8
Summonings     | |  7.1
Necromancy     | |  0.8
Translocations | |  0.8
Transmutations | |  0.8
Ice Magic      | |  0.8
Air Magic      | |  0.8
Earth Magic    | |  0.8
Poison Magic   | |  0.8

Action                   |  1- 3 |  4- 6 || total
-------------------------+-------+-------++-------
Melee: Club              |   120 |    54 ||   174
       Bite              |     6 |     6 ||    12
       Punch             |     1 |       ||     1
Throw: Dart              |     1 |       ||     1
 Cast: Summon Small Mamm |    18 |     4 ||    22
  Use: Potion            |     2 |     5 ||     7
 Stab: Distracted        |     1 |       ||     1
Armor: Scale mail        |    89 |    39 ||   128
Dodge: Dodged            |    82 |    25 ||   107

Levels and vault maps discovered:
D:1:      minmay_arrival_three_doors, layout_rooms,
          hellmonk_ecumenical_altar_leap_of_faith
D:2:      layout_basic
D:3:      layout_loops_ring, small_statue_intersection

Notes
Turn   | Place    | Note
-------+----------+-------------------------------------------
     0 | D:1      | spaghetti the Gnoll Wanderer began the quest for the Orb.
     0 | D:1      | spaghetti set off with the following items: a +0 club
                  | {mace}, a potion of curing {@q1}, a +0 scale mail; and the
                  | following spells available to memorise: Summon Small
                  | Mammal, Foxfire, Conjure Flame, Animate Armour, Summon
                  | Lightning Spire
     0 | D:1      | Reached XP level 1. HP: 17/17 MP: 6/6
     0 | D:1      | magus.rc [v1.9.6]
    47 | D:1      | Reached skill level 2 in Fire Magic
    54 | D:1      | Learned a level 1 spell: Summon Small Mammal
   245 | D:1      | Reached XP level 2. HP: 23/23 MP: 4/7
   466 | D:1      | Reached XP level 3. HP: 17/26 MP: 7/9
   469 | D:1      | Reached skill level 5 in Spellcasting
   598 | D:1      | Found a faded altar of an unknown god.
   944 | D:2      | Reached skill level 1 in Invocations
  1001 | D:2      | You add the spells Ozocubu's Armour and Ozocubu's
                  | Refrigeration to your library.
  1260 | D:2      | Reached skill level 1 in Short Blades
  1260 | D:2      | Reached skill level 1 in Long Blades
  1260 | D:2      | Reached skill level 1 in Axes
  1260 | D:2      | Reached skill level 1 in Maces & Flails
  1260 | D:2      | Reached skill level 1 in Polearms
  1260 | D:2      | Reached skill level 1 in Staves
  1260 | D:2      | Reached skill level 1 in Slings
  1260 | D:2      | Reached skill level 1 in Bows
  1260 | D:2      | Reached skill level 1 in Crossbows
  1260 | D:2      | Reached skill level 1 in Throwing
  1260 | D:2      | Reached skill level 1 in Dodging
  1260 | D:2      | Reached skill level 1 in Stealth
  1260 | D:2      | Reached skill level 1 in Shields
  1260 | D:2      | Reached skill level 1 in Unarmed Combat
  1260 | D:2      | Reached skill level 1 in Evocations
  1307 | D:2      | Reached XP level 4. HP: 30/34 MP: 11/11
  1807 | D:3      | HP: 7/34 [orc/+0 club (2)]
  1813 | D:3      | HP: 4/51 [orc/+0 hand axe (2)]
  1814 | D:3      | Killed from afar by an orc priest

Vanquished Creatures
  2 adders (D:2)
  A dart slug (D:2)
  An orc (D:3)
  A ball python (D:3)
  2 endoplasms
  3 giant cockroaches
  3 goblins (D:1)
  2 hobgoblins
  5 jackals
  A kobold (D:1)
  3 rats
24 creatures vanquished.

Vanquished Creatures (collateral kills)
  3 dart slugs (D:1)
  2 ball pythons (D:1)
  2 endoplasms
  2 goblins
  A hobgoblin (D:1)
  2 jackals (D:2)
  3 kobolds
  A frilled lizard (D:1)
16 creatures vanquished.

Grand Total: 40 creatures vanquished

Table legend:
 A = Non-vault XP
 B = Vault XP
 C = Vault XP percentage of total XP
 D = Non-vault monster count
 E = Vault monster count
 F = Vault count percentage of total count
                 A         B        C        D         E       F
            +---------+---------+-------+---------+---------+-------
      Total |     104 |       0 |   0.0 |      40 |       0 |   0.0
            +---------+---------+-------+---------+---------+-------
        D:1 |      44 |       0 |   0.0 |      21 |       0 |   0.0
        D:2 |      49 |       0 |   0.0 |      14 |       0 |   0.0
        D:3 |      11 |       0 |   0.0 |       5 |       0 |   0.0
            +---------+---------+-------+---------+---------+-------

Illustrated notes

Table legend:
 A = Kills in this place as a percentage of kills in entire the game.
 B = Kills by you in this place as a percentage of kills by you in the entire game.
 C = Kills by friends in this place as a percentage of kills by friends in the entire game.
 D = Other kills in this place as a percentage of other kills in the entire game.
 E = Experience gained in this place as a percentage of experience gained in the entire game.
 F = Experience gained in this place divided by the number of levels of this place that you have seen.
                   A       B       C       D       E      F
               +-------+-------+-------+-------+-------+----------------------
         Total | 100.0 | 100.0 | 100.0 |   N/A | 100.0 |  34.7
       Dungeon | 100.0 | 100.0 | 100.0 |   N/A | 100.0 |  34.7
               +-------+-------+-------+-------+-------+----------------------

Table legend: (Time is in decaauts)
 A = Elapsed time spent in this place.
 B = Non-inter-level travel time spent in this place.
 C = Inter-level travel time spent in this place.
 D = Time resting spent in this place.
 E = Time spent auto-exploring this place.
 F = Levels seen in this place.
 G = Mean time per level.
                   A        B        C        D        E       F      G
               +--------+--------+--------+--------+--------+-----+--------+
         Total |   1839 |   1785 |     54 |      5 |   1377 |   3 |  613.0 |
       Dungeon |   1839 |   1785 |     54 |      5 |   1377 |   3 |  613.0 |
               +--------+--------+--------+--------+--------+-----+--------+

Top non-repeatable levels by time:
     D:1: 939 daAuts
     D:2: 778 daAuts
     D:3: 121 daAuts
